 Dungeon Crawl Stone Soup version 0.31.0-9-g3a7656b989 (webtiles) character file.

Game seed: 13035483347025892944

32 qw the Shooter (level 3, 0/18 HPs)
             Began as a Spriggan Hunter on Feb 2, 2024.
             Slain by a goblin
             ... wielding a +2 dagger of speed
              (3 damage)
             ... on level 2 of the Dungeon.
             The game lasted 00:00:01 (888 turns).

qw the Shooter (Spriggan Hunter)                     Turns: 888, Time: 00:00:02

Health: 0/18       AC:  2    Str:  7    XL:     3   Next: 10%
Magic:  4/4        EV: 19    Int: 10    God:
Gold:   54         SH:  0    Dex: 20    Spells: 2/2 levels left

rFire   . . .        a - +0 shortbow
rCold   . . .        (shield currently unavailable)
rNeg    . . .        c - +0 robe
rPois   .            (helmet restricted)
rElec   .            (no cloak)
rCorr   .            (gloves unavailable)
SInv    +            (boots unavailable)
Will    .....        (no amulet)
Stlth   ++           (no ring)
HPRegen 0.23/turn    (no ring)
MPRegen 0.09/turn

%: no passive effects
@: very quick
A: very small, no large weapons, unfitting armour, see invisible, speed 3
a: no special abilities


You were on level 2 of the Dungeon.
You visited 1 branch of the dungeon, and saw 2 of its levels.

You collected 54 gold pieces.


Innate Abilities, Weirdness & Mutations

You are very small and have problems with some larger weapons.
You are too small for most types of armour.
You have supernaturally acute eyesight. (SInv)
You cover ground extremely quickly. (Speed+++)


   Skills:
 - Level 1.5 Fighting
 + Level 4.5 Ranged Weapons
 - Level 4.0 Dodging
 - Level 1.5 Stealth


You had 2 spell levels left.
You didn't know any spells.
Your spell library was empty.

Inventory:

Hand Weapons
 a - a +0 shortbow (weapon)
Armour
 c - a +0 robe (worn)

Dungeon Overview and Level Annotations

Branches:
Dungeon (2/15)

Altars:


Message History

You shoot an arrow. The arrow hits the frilled lizard!
You kill the frilled lizard!
You climb downwards.
The goblin misses you. The adder barely misses you. The goblin misses you.
The adder bites you.
There is a stone staircase leading up here.
You shoot an arrow. The arrow hits the adder.
The adder is lightly wounded.
The goblin misses you. The adder bites you. The goblin misses you.
You shoot an arrow. The arrow closely misses the adder.
The adder closely misses you. The goblin barely misses you.
The goblin misses you. The adder misses you.
You shoot an arrow. The arrow closely misses the adder.
The goblin barely misses you. The adder closely misses you.
The goblin completely misses you.
You shoot an arrow. The arrow hits the adder.
The adder is moderately wounded.
The adder completely misses you.
The goblin hits you with a +2 dagger of speed.
The adder misses you. The goblin barely misses you.
You shoot an arrow. The arrow misses the adder.
The adder bites you.
The goblin hits you with a +2 dagger of speed.
The goblin barely misses you.
You shoot an arrow. The arrow hits the adder.
The adder is moderately wounded.
The adder bites you but does no damage. The goblin misses you.
The adder misses you.
You shoot an arrow. The arrow barely misses the adder.
The adder bites you.
The goblin hits you with a +2 dagger of speed.
The goblin misses you.
You shoot an arrow. The arrow hits the adder.
The adder is heavily wounded.
The adder closely misses you. The goblin closely misses you.
The adder misses you.
The goblin hits you with a +2 dagger of speed.
You shoot an arrow. The arrow hits the adder!
You kill the adder!
The goblin hits you with a +2 dagger of speed.
You die...

### #.. #..
#.# #.# #.#
#@#
#.g.......#
....##.##...#
....## .. ##
... #.. ..
... # ....
.....


You could see a goblin.

Vanquished Creatures
  2 adders
  A ball python (D:1)
  3 bats (D:1)
  2 endoplasms (D:1)
  A giant cockroach (D:1)
  2 goblins (D:1)
  2 jackals (D:1)
  2 quokkas (D:1)
  2 frilled lizards (D:1)
  5 kobolds (D:1)
22 creatures vanquished.

Notes
Turn   | Place    | Note
-------+----------+-------------------------------------------
     0 | D:1      | qw the Spriggan Hunter began the quest for the Orb.
     0 | D:1      | Reached XP level 1. HP: 10/10 MP: 2/2
     0 | D:1      | 0 ||| qw: Version: 0.3-a-155-g5e7d8dd
     0 | D:1      | 0 ||| qw: Game counter: 90
     0 | D:1      | 0 ||| qw: Melee chars always use a shield: true
     0 | D:1      | 0 ||| qw: God list: Okawaru
     0 | D:1      | 0 ||| qw: Allow faded altars: false
     0 | D:1      | 0 ||| qw: Do Orc after clearing Dungeon:15 true
     0 | D:1      | 0 ||| qw: Do second Lair branch before Depths: true
     0 | D:1      | 0 ||| qw: Lair rune preference: random
     0 | D:1      | 0 ||| qw: Goals: Normal
     0 | D:1      | 0 ||| PLANNING D:1-11
    35 | D:1      | Reached skill level 3 in Dodging
   290 | D:1      | Reached XP level 2. HP: 14/14 MP: 3/3
   737 | D:1      | 737 ||| DROPPING +6 ring of intelligence.
   738 | D:1      | 738 ||| READING scroll labelled TEWNEONUON.
   739 | D:1      | 739 ||| READING scroll labelled ZELLOL UTOPTU.
   840 | D:1      | 840 ||| READING scroll labelled GOANAF OCVUP.
   840 | D:1      | 840 ||| ENCHANTING +0 shortbow.
   841 | D:1      | 841 ||| READING scroll labelled GICECL SUPNUASH.
   845 | D:1      | 845 ||| DROPPING scroll of butterflies.
   863 | D:2      | 863 ||| STAIRDANCE
   870 | D:1      | Reached XP level 3. HP: 18/18 MP: 4/4
   872 | D:2      | 872 ||| STAIRDANCE
   887 | D:2      | HP: 3/18 [goblin/+2 dagger of speed (3)]
   888 | D:2      | Slain by a goblin

Levels and vault maps discovered:
D:1:      wheals_arrival_linesprint, layout_basic, serial_rivers,
          chequers_serial_rivers_room_a, chequers_serial_rivers_small_a,
          chequers_serial_rivers_room_a, chequers_serial_rivers_large_b
D:2:      cheibrodos_fertilizer, layout_rooms, basic_altar,
          shapermc_ecumenical_altar_mp_urbaneastern, kennysheep_generic_room_15,
          uniq_jessica, uniq_crazy_yiuf_cottage

Skill      XL: |  1  2 |
---------------+-------+-----
Dodging        | 3 4 |  4.0
Fighting       | |  1.5
Ranged Weapons | |  4.5
Stealth        | |  1.5

Action                     || total
---------------------------++-------
   Fire: Shortbow          ||    51
    Use: Scroll            ||     4
 Armour: Robe              ||    12
  Dodge: Dodged            ||    43

Table legend:
 A = Non-vault XP
 B = Vault XP
 C = Vault XP percentage of total XP
 D = Non-vault monster count
 E = Vault monster count
 F = Vault count percentage of total count
                 A         B        C        D         E       F
            +---------+---------+-------+---------+---------+-------
      Total |      61 |       0 |   0.0 |      22 |       0 |   0.0
            +---------+---------+-------+---------+---------+-------
        D:1 |      47 |       0 |   0.0 |      21 |       0 |   0.0
        D:2 |      14 |       0 |   0.0 |       1 |       0 |   0.0
            +---------+---------+-------+---------+---------+-------
